 Dungeon Crawl Stone Soup version 0.21.1-1-g345015f (webtiles) character file.

39 VLARC the Caller (level 3, -1/24 HPs)
             Began as a Mummy Summoner on Feb 25, 2018.
             Slain by Zleub's ghost (7 damage)
             ... on level 3 of the Dungeon.
             The game lasted 00:13:01 (2910 turns).

VLARC the Caller (Mummy Summoner)                   Turns: 2910, Time: 00:13:03

Health: -1/24      AC:  2    Str: 11    XL:     3   Next: 28%
Magic:  10/16      EV: 12    Int: 15    God:
Gold:   123        SH:  0    Dex: 12    Spells: 3/7 levels left

rFire    x . .     SeeInvis .   l - -2 dagger (curse)
rCold    + . .     Gourm    .   (no shield)
rNeg     + + +     Faith    .   c - +0 robe
rPois    ∞         Spirit   .   (no helmet)
rElec    .         Reflect  .   (no cloak)
rCorr    .         Harm     .   (no gloves)
MR       .....                  (no boots)
Stlth    +.........             (no amulet)
HPRegen  0.08/turn              k - ring of magical power
MPRegen  0.15/turn              m - ring of loudness (curse)

@: very slightly contaminated
A: no food or potions, fire vulnerability, cold resistance 1, negative energy
resistance 3, torment resistance, unbreathing
a: no special abilities


You were on level 3 of the Dungeon.
You were not hungry.

You visited 1 branch of the dungeon, and saw 3 of its levels.

You collected 123 gold pieces.

Inventory:

Hand Weapons
 a - a +0 hunting sling
 j - a +0 short sword
 l - a cursed -2 dagger (weapon)
Missiles
 e - 22 stones (quivered)
 i - 16 sling bullets
Armour
 c - a +0 robe (worn)
 g - a +0 leather armour
Jewellery
 k - a ring of magical power (left hand)
 m - a cursed ring of loudness (right hand)
Scrolls
 d - a scroll of noise {unknown}
 f - 5 scrolls of identify
 h - a scroll of teleportation
Books
 b - a book of Callings

   Spells                             Type                      Level
   a - Summon Small Mammal            Summoning                    1
   b - Call Imp                       Summoning                    2
   c - Call Canine Familiar           Summoning                    3
   d - Summon Guardian Golem          Hexes/Summoning              3
   e - Summon Lightning Spire         Summoning/Air                4
   f - Summon Ice Beast               Ice/Summoning                4


   Skills:
 - Level 1.5 Dodging
 - Level 1.5 Stealth
 - Level 2.6 Spellcasting
 + Level 4.2 Summonings


You had 3 spell levels left.
You knew the following spells:

 Your Spells              Type           Power        Failure   Level  Hunger
a - Summon Small Mammal   Summ           ##..         3%          1    N/A
b - Call Canine Familiar  Summ           ##......     11%         3    N/A

Dungeon Overview and Level Annotations

Branches:
Dungeon (3/15)

Altars:
Dithmenos
Okawaru
Yredelemnul
The Shining One

Annotations:
D:2 Sigmund
D:3 Zleub's ghost, amateur MfSk


Innate Abilities, Weirdness & Mutations

You do not eat or drink.
Your flesh is vulnerable to fire.
You are immune to poison.
Your flesh is cold resistant. (rC+)
You are immune to negative energy. (rN+++)
You are immune to unholy pain and torment.
You can survive without breathing.


Message History

You hit Zleub's ghost.
Zleub's ghost is severely damaged.
Your hound closely misses Zleub's ghost.
Your quokka barely misses Zleub's ghost.
Your hound closely misses Zleub's ghost.
Your quokka closely misses Zleub's ghost.
Zleub's ghost hits you.
Your rat closely misses Zleub's ghost.
You closely miss Zleub's ghost.
Zleub's ghost is severely damaged.
Your hound barely misses Zleub's ghost.
Your quokka closely misses Zleub's ghost.
Your rat misses Zleub's ghost. Zleub's ghost hits you.
* * * LOW HITPOINT WARNING * * *
You hit Zleub's ghost but do no damage.
Zleub's ghost is severely damaged.
Your hound bites Zleub's ghost.
Your quokka barely misses Zleub's ghost.
Your hound closely misses Zleub's ghost.
Zleub's ghost hits you!
You die...

##.#.##.####.###.#.......#.#
#.###.#.............._.....#
##.#.###########.#.......#.#
##.......######.#.......#.# ###
#.#####......#.##.....##.#
#.####.#####...<..#.####.####..
#..W.W..#.....h...#............
#..#......##..Wr..###.####.###.
##!#......##.r@...# #..........
#.#.........###.## #####.#####
#.#.#...##### #..# #.#
#.#.#...# ##.# #.# #...#####
##.## ###
##.############...##########
#.# ###§.§...#...#...§..### #.#
#A#._....'...'...._.#A# #.#
###§.§.§.#...#.§.§..###


You could see Zleub's ghost, a friendly hound, a friendly quokka and a friendly
rat.

Vanquished Creatures
  An ooze (D:3)
  2 hobgoblins (D:2)
  A quokka (D:3)
  A bat (D:3)
  A rat (D:3)
6 creatures vanquished.

Vanquished Creatures (collateral kills)
  An adder (D:2)
  2 dart slugs
  2 leopard geckos (D:1)
  3 orcs (D:3)
  2 giant cockroaches
  2 goblins (D:1)
  5 hobgoblins
  2 jackals (D:1)
  2 quokkas
  A ball python (D:1)
  4 bats (D:1)
  2 kobolds
  2 rats (D:1)
30 creatures vanquished.

Grand Total: 36 creatures vanquished

Notes
Turn   | Place    | Note
-------+----------+-------------------------------------------
     0 | D:1      | VLARC the Mummy Summoner began the quest for the Orb.
     0 | D:1      | Reached XP level 1. HP: 13/13 MP: 4/4
   370 | D:1      | Reached XP level 2. HP: 19/19 MP: 1/5
  1034 | D:2      | Found an iron altar of Okawaru.
  1080 | D:2      | Reached skill level 4 in Summonings
  1685 | D:2      | Noticed Sigmund
  1979 | D:2      | Reached XP level 3. HP: 24/24 MP: 7/7
  2160 | D:3      | Found a basalt altar of Yredelemnul.
  2163 | D:3      | Found a glowing golden altar of the Shining One.
  2167 | D:3      | Noticed a profane servitor
  2175 | D:3      | Noticed an angel
  2813 | D:3      | Learned a level 3 spell: Call Canine Familiar
  2833 | D:3      | Found a shadowy altar of Dithmenos.
  2882 | D:3      | Noticed Zleub's ghost (amateur MfSk)
  2910 | D:3      | Slain by Zleub's ghost

Skill      XL: |  1  2 |
---------------+-------+-----
Summonings     | 4 |  4.2
Dodging        | |  1.5
Stealth        | |  1.5
Spellcasting   | |  2.6

Action                   || total
-------------------------++-------
Melee: Unarmed           ||    59
       Dagger            ||    52
 Fire: Hunting sling     ||     4
 Cast: Summon Small Mamm ||    61
       Call Canine Famil ||     1
  Use: Scroll            ||     4
Armor: Robe              ||    29
Dodge: Dodged            ||    85
